 Dungeon Crawl Stone Soup version 0.31-a0-112-gdf0485fa37 (webtiles) character file.

Game seed: 8283138465574279344

2193 Flubber the Arsonist (level 9, -3/49 (51) HPs)
             Began as an Octopode Fire Elementalist on May 28, 2023.
             Was an Initiate of Vehumet.
             Slain by a wight
             ... wielding a +3 long sword
              (6 damage)
             ... on level 7 of the Dungeon.
             The game lasted 00:20:53 (7903 turns).

Flubber the Arsonist (Octopode Fire Elementalist)   Turns: 7903, Time: 00:20:53

HP:   -3/49 (51)    AC:  3    Str:  7    XL:     9   Next: 34%
MP:   6/13          EV: 14    Int: 26    God:    Vehumet [......]
Gold: 350           SH:  0    Dex: 15    Spells: 4/14 levels left

rFire   . . .        n - +10 dagger of Watchfulness {flame, Will+ Int+4 Dex+3}
rCold   . . .        (no shield)
rNeg    . . .        o - +2 hat
rPois   +            l - amulet of faith
rElec   .            c - ring of poison resistance
rCorr   .            h - ring of willpower
SInv    .            a - ring of wizardry
Will    ++...        d - ring of flight
Stlth   +++++        (no ring)
HPRegen 0.28/turn    (no ring)
MPRegen 0.13/turn    (no ring)
                     (no ring)

%: faith, wizardry (x1)
@: flying, lightly drained
A: almost no armour, amphibious, 8 rings, camouflage 1, gelatinous body 1,
(nimble swimmer 1), tentacles
a: Renounce Religion


You were on level 7 of the Dungeon.
You worshipped Vehumet.
Vehumet was noncommittal.
You visited 2 branches of the dungeon, and saw 8 of its levels.

You collected 350 gold pieces.

Inventory:

Hand Weapons
 n - the +10 dagger of Watchfulness (weapon) {flame, Will+ Int+4 Dex+3}
   (You found it on level 3 of the Dungeon)

   Int:       It affects your intelligence (+4).
   Dex:       It affects your dexterity (+3).
   Will:      It increases your willpower.
Missiles
 p - 2 throwing nets
Armour
 o - a +2 hat (worn)
Jewellery
 a - a ring of wizardry (on tentacle)
 c - a ring of poison resistance (left tentacle)
 d - a ring of flight (on tentacle)
 h - a ring of willpower (right tentacle)
 l - an amulet of faith (around mantle)
 w - a ring of willpower
Wands
 b - a wand of flame (54)
 e - a wand of roots (15)
 s - a wand of mindburst (21)
Scrolls
 q - 5 scrolls of identify
 t - a scroll of magic mapping {unknown}
Potions
 f - 2 potions of invisibility {unknown}
 i - 5 potions of curing
 k - a potion of heal wounds {unknown}
 m - a potion of lignification {unknown}
 r - a potion of attraction {unknown}
 u - a potion of resistance
 v - 2 potions of degeneration {unknown}


   Skills:
 + Level 3.1 Dodging
 - Level 8.1 Stealth
 - Level 3.0 Spellcasting
 + Level 5.9 Conjurations
 * Level 8.9 Fire Magic


You had 4 spell levels left.
You knew the following spells:

 Your Spells              Type           Power      Damage    Failure   Level
a - Foxfire               Conj/Fire      100%       2x1d9     1%          1
b - Scorch                Fire           100%       2d9       1%          2
c - Flame Wave            Conj/Fire      42%        2d11      1%          4
d - Volatile Blastmotes   Fire/Tloc      54%        2d14      1%          3

Your spell library contained the following spells:

 Spells                   Type           Power      Damage    Failure   Level
 Inner Flame              Hex/Fire       27%        N/A       1%          3


Dungeon Overview and Level Annotations

Branches:
Dungeon (7/15)             Temple (1/1) D:7

Altars:
Ashenzari
Cheibriados
Elyvilon
Fedhas
Hepliaklqana
Makhleb
Nemelex Xobeh
Okawaru
Qazlal
Ru
Trog
Uskayaw
Vehumet
Wu Jian
Xom
Yredelemnul
Zin

Shops:
D:7 [


Innate Abilities, Weirdness & Mutations

You cannot wear most types of armour.
You are amphibious.
You can wear up to eight rings at the same time.
Your skin changes colour to match your surroundings (Stealth+).
Your rubbery body absorbs attacks. (AC +1, EV +1)
((You are camouflaged when in or above water. (Stealth+)))
You have tentacles for arms and can constrict up to eight enemies at once.


Message History

A wight comes into view. It is wielding a +4 flail.
Casting: Foxfire (safe; 1% risk of failure)
Confirm with . or Enter, or press ? or * to list all spells.
Flames lash the wight.
The wight is severely damaged.
The wight's fire resistance burns away.
You hear an angry growl.
Casting: Scorch (safe; 1% risk of failure)
Confirm with . or Enter, or press ? or * to list all spells.
Flames lash the wight but do no damage.
Casting: Scorch (safe; 1% risk of failure)
Confirm with . or Enter, or press ? or * to list all spells.
Flames lash the wight.
The wight is severely damaged.
The wight hits you with a +3 long sword!
Casting: Scorch (safe; 1% risk of failure)
Confirm with . or Enter, or press ? or * to list all spells.
Flames lash the wight.
The wight is lightly damaged.
The wight's fire resistance burns away.
The wight hits you with a +3 long sword!
You feel drained.
As you read the scroll labelled SAADOM VISEDD, it crumbles to dust.
The creatures around you are filled with an inner flame!
It was a scroll of immolation.
The wight hits you with a +3 long sword!
* * * LOW HITPOINT WARNING * * *
A black bear comes into view.
The wight attacks as you move away! The wight barely misses you.
The wight is no longer more vulnerable to fire.
It was a potion of curing.
You feel better. The black bear bites you.
* * * LOW HITPOINT WARNING * * *
The black bear barely misses you. x2
The wight hits you with a +3 morningstar of freezing!
* * * LOW HITPOINT WARNING * * *
The wight freezes you.
* * * LOW HITPOINT WARNING * * *
The wight attacks as you move away! The wight closely misses you.
The wight hits you with a +3 long sword.
You die...

### #. . .. .. #. ####.
.... ## # #.. .##
#....#..###..##..
##........@zh......
#........##.z###.. #z ##
####........###z.###.... ..
........................ .#
##........######.###..(.
.###..8......####...##.....
.....∩._......##...........
......8....................
..............#............


You could see a black bear and 3 wights.

Vanquished Creatures
  A troll (D:7)
  Sigmund (D:5)
  A wyvern (D:5)
  Edmund (D:5)
  An orc warrior (D:6)
  3 ice beasts
  A sky beast (D:7)
  A bullfrog (D:7)
  Blork the orc (D:4)
  3 scorpions
  A quasit (D:4)
  3 orc priests
  2 gnoll boudas
  4 hounds (D:5)
  An iron imp (D:3)
  A sleepcap (D:5)
  2 iguanas
  3 orc wizards
  13 gnolls
  6 adders
  A shadow imp (D:4)
  2 white imps
  An ufetubus (D:5)
  A worm (D:3)
  A dart slug (D:1)
  13 orcs
  3 endoplasms
  4 giant cockroaches
  6 goblins
  A hobgoblin (D:4)
  4 quokkas
  6 ball pythons
  3 bats
  2 frilled lizards
  7 kobolds
  4 rats
109 creatures vanquished.

Vanquished Creatures (others)
  470 foxfires
470 creatures vanquished.

Grand Total: 579 creatures vanquished

Notes
Turn   | Place    | Note
-------+----------+-------------------------------------------
     0 | D:1      | Flubber the Octopode Fire Elementalist began the quest for
                  | the Orb.
     0 | D:1      | Reached XP level 1. HP: 11/11 MP: 3/3
   473 | D:1      | Reached XP level 2. HP: 17/17 MP: 0/5
   852 | D:1      | Learned a level 2 spell: Scorch
  1973 | D:3      | Reached XP level 3. HP: 21/21 MP: 1/6
  2030 | D:3      | Identified the +10 dagger of Watchfulness {flame, Will+
                  | Int+4 Dex+3}
  2069 | D:3      | Found a snail-covered altar of Cheibriados.
  2417 | D:3      | Reached XP level 4. HP: 27/27 MP: 1/7
  2993 | D:3      | Reached XP level 5. HP: 22/31 MP: 5/9
  3559 | D:4      | Noticed Blork the orc
  3745 | D:4      | Reached XP level 6. HP: 36/36 MP: 6/10
  4117 | D:4      | Learned a level 4 spell: Flame Wave
  4197 | D:4      | Killed Blork the orc
  4198 | D:4      | Reached skill level 5 in Fire Magic
  4834 | D:4      | Reached XP level 7. HP: 41/41 MP: 4/11
  5201 | D:5      | Entered Level 5 of the Dungeon
  5351 | D:5      | Noticed a wyvern
  5351 | D:5      | Noticed Sigmund
  5361 | D:5      | Noticed Edmund
  5382 | D:5      | Killed Edmund
  5383 | D:5      | Reached skill level 5 in Stealth
  5392 | D:5      | Killed Sigmund
  5393 | D:5      | Reached XP level 8. HP: 22/46 MP: 3/12
  5405 | D:5      | Killed a wyvern
  5831 | D:5      | Learned a level 3 spell: Volatile Blastmotes
  6361 | D:6      | Found a hazy altar of Hepliaklqana.
  6670 | D:6      | Reached skill level 5 in Conjurations
  6871 | D:6      | Reached XP level 9. HP: 21/51 MP: 3/13
  7485 | D:7      | Found a staircase to the Ecumenical Temple.
  7496 | Temple   | Entered the Ecumenical Temple
  7539 | Temple   | Became a worshipper of Vehumet
  7677 | D:7      | Noticed a troll
  7692 | D:7      | Killed a troll
  7819 | D:7      | Found Cheibriados's Comfort Zone.
  7821 | D:7      | Found a snail-covered altar of Cheibriados.
  7903 | D:7      | Slain by a wight

Illustrated notes

Levels and vault maps discovered:
D:1:      dpeg_arrival_windows_large_door, layout_basic
D:2:      layout_basic
D:3:      layout_basic, slow_altar_1
D:4:      layout_cave_pods, serial_demonic, serial_demonic_c, serial_demonic_e,
          serial_demonic_f, serial_demonic_c, uniq_blork_the_orc
D:5:      layout_basic, sigmund_edmund_badplayer
D:6:      layout_basic, nicolae_hepliaklqana_hippocampus, portal_sewer_entry_b,
          kennysheep_windowed_goal
D:7:      layout_rooms, mainiacjoe_overflow_six_doors_small,
          minmay_temple_entry_stoned_glass, minmay_shop_chei, st_stairs_5
Temple:   compressed_dpeg_triangle_lava_temple

Skill      XL: |  1  2  3  4  5  6  7  8  9 |
---------------+----------------------------+-----
Conjurations   | 2 3 4 5 |  5.9
Fire Magic     | 4 5 6 8 |  8.9
Dodging        | 3 |  3.1
Stealth        | 3 4 5 7 8 |  8.1
Spellcasting   | 3 |  3.0

Action                     |  1- 3 |  4- 6 |  7- 9 || total
---------------------------+-------+-------+-------++-------
  Melee: Unarmed           |     3 |       |       ||     3
         Constrict         |     4 |     4 |     9 ||    17
         Tentacles         |     2 |     6 |     5 ||    13
         Dagger            |     8 |    18 |    27 ||    53
  Throw: Javelin           |       |       |     2 ||     2
         Throwing net      |       |       |     1 ||     1
   Cast: Foxfire           |    69 |   134 |   106 ||   309
         Scorch            |     2 |     5 |    10 ||    17
         Flame Wave        |       |     1 |     3 ||     4
         Volatile Blastmot |       |       |     2 ||     2
  Evoke: Wand              |       |       |     8 ||     8
    Use: Scroll            |     3 |     7 |     4 ||    14
         Potion            |       |     1 |     3 ||     4
 Armour: Skin              |     2 |     7 |     2 ||    11
  Dodge: Dodged            |     7 |    20 |    28 ||    55

Table legend: (Time is in decaauts)
 A = Elapsed time spent in this place.
 B = Non-inter-level travel time spent in this place.
 C = Inter-level travel time spent in this place.
 D = Time resting spent in this place.
 E = Time spent auto-exploring this place.
 F = Levels seen in this place.
 G = Mean time per level.
                   A        B        C        D        E       F      G
               +--------+--------+--------+--------+--------+-----+--------+
         Total |   7905 |   7458 |    447 |      0 |   6469 |   8 |  988.1 |
       Dungeon |   7848 |   7413 |    435 |      0 |   6453 |   7 | 1121.1 |
        Temple |     56 |     44 |     12 |      0 |     16 |   1 |   56.0 |
               +--------+--------+--------+--------+--------+-----+--------+

Top non-repeatable levels by time:
     D:3: 1663 daAuts
     D:4: 1510 daAuts
     D:6: 1244 daAuts
     D:1: 1134 daAuts
     D:5: 1028 daAuts
     D:2: 893 daAuts
     D:7: 374 daAuts
  Temple: 56 daAuts
